 Seeded DCSS version 0.29-a0-664-gff9cad4a3d (webtiles) character file.

Game seed: 12781424815227474791 (custom seed)

843 zeratav the Tainter (level 8, -1/78 HPs)
             Began as an Ogre Venom Mage on June 22, 2022.
             Slain by a white imp (2 damage)
             ... on level 5 of the Dungeon.
             The game lasted 00:11:25 (5702 turns).

zeratav the Tainter (Ogre Venom Mage)               Turns: 5702, Time: 00:11:26

Health: -1/78      AC: -5    Str: 15    XL:     8   Next: 0%
Magic:  16/20      EV:  9    Int: 16    God:
Gold:   157        SH:  0    Dex:  9    Spells: 6/11 levels left

rFire   . . .      SeeInvis .   g - +2 short sword (venom) {short}
rCold   . . .      Faith    .   (no shield)
rNeg    . . .      Spirit   .   a - +0 robe
rPois   .          Reflect  .   (helmet restricted)
rElec   .          Harm     .   (no cloak)
rCorr   .          Rampage  .   (gloves unavailable)
Will    .....                   (boots unavailable)
Stlth   +.........              (no amulet)
HPRegen 0.23/turn               c - ring of magical power
MPRegen 0.17/turn               (no ring)

@: corroded
A: large, unfitting armour, tough skin 1
a: no special abilities


You were on level 5 of the Dungeon.
You visited 1 branch of the dungeon, and saw 6 of its levels.

You collected 201 gold pieces.
You spent 44 gold pieces at shops.


Innate Abilities, Weirdness & Mutations

You are too large for most types of armour.
You have tough skin. (AC +1)


   Skills:
 + Level 3.8 Fighting
 - Level 1.7 Dodging
 - Level 1.4 Stealth
 - Level 2.4 Spellcasting
 - Level 0.8 Transmutations
 - Level 8.0 Poison Magic


You had 6 spell levels left.
You knew the following spells:

 Your Spells              Type           Power      Damage    Failure   Level
a - Sting                 Tmut/Pois      64%        1d6       3%          1
b - Olgreb's Toxic Radia  Pois           27%        N/A       8%          4

Your spell library contained the following spells:

 Spells                   Type           Power      Damage    Failure   Level
 Poisonous Vapours        Pois/Air       28%        N/A       6%          2
 Summon Small Mammal      Summ           4%         N/A       21%         1
 Mephitic Cloud           Conj/Pois/Air  10%        N/A       21%         3
 Call Canine Familiar     Summ           1%         N/A       52%         3
 Summon Guardian Golem    Hex/Summ       1%         N/A       52%         3

Inventory:

Hand Weapons
 g - a +2 short sword of venom (weapon) {short}
   (You took it off a kobold on level 1 of the Dungeon)
 o - the +5 hunting sling of Articulation {freeze, rCorr Dex+4, sling}
   (You found it on level 5 of the Dungeon)

   Any ammunition fired from it freezes those it strikes, dealing additional
   cold damage.
   It can also slow down cold-blooded creatures.
   Dex:       It affects your dexterity (+4).
   rCorr:     It protects you from acid and corrosion.
Missiles
 l - 3 poisoned darts {throwing}
Armour
 a - a +0 robe (worn)
Jewellery
 c - a ring of magical power (left hand)
   (You found it on level 5 of the Dungeon)
 k - a ring of fire
   (You found it on level 3 of the Dungeon)
Scrolls
 e - a scroll of teleportation {@r4}
 h - a scroll of brand weapon
 m - 3 scrolls of identify {@r1}
 n - a scroll of enchant armour {unknown}
Potions
 b - a potion of magic
 d - 2 potions of attraction {!q}
 f - 3 potions of might
 i - a potion of lignification {!q}
 j - a potion of curing {@q1}
 p - a potion of heal wounds {unknown}

Dungeon Overview and Level Annotations

Branches:
Dungeon (6/15) Zot: 26770
 Temple: D:4-7

Altars:
Zin

Shops:
D:4 ?

Annotations:
D:3 3 runed translucent doors

###### ##...#### #.##.##..#..
#......# #.#..#...###
#..####.####..#..#..### #....
#......#.....###.
#.##[.###..#....#.#.#... #.
#>..#.............## #.#
#....##..#....####
#..#######........#......
####........)@5...............
###.$..##......J#######....[....
#...#####.####### ####......
##.##......# #####.........
#..Y.......# ##)....##......
.......##### #####..######......
......## ##.....## #......
......########..##### #######
...............##


You could see a jelly and a white imp.


Message History

You begin to radiate toxic energy.
The orc warrior looks even sicker.
The orc is poisoned.
MP[-4]
You lost 4 mp, and now have 9/19 mp.
The orc warrior looks even sicker.
Your toxic aura wanes.
You kill the orc!
A jelly comes into view.
Casting: Olgreb's Toxic Radiance (dangerous; 8% risk of failure)
Confirm with . or Enter, or press ? or * to list all spells.
You begin to radiate toxic energy.
The orc warrior looks as sick as possible!
The orc warrior hits you from afar with a +0 halberd!
A white imp comes into view.
HP[-16] MP[-4]
You take 16 damage, and now have 42/65 hp.
MASSIVE DAMAGE!! (PAUSE)
You lost 4 mp, and now have 5/19 mp.
The orc warrior looks as sick as possible!
Your toxic aura wanes.
An orc wizard comes into view. It is wielding a +0 dagger of venom.
The orc warrior hits you from afar with a +0 halberd!
* * * LOW HITPOINT WARNING * * *
HP[-11]
You take 11 damage, and now have 31/65 hp.
You kill the orc warrior!
Your Fighting skill increases to level 3!
You have reached level 8!
You climb upwards.
There is a stone staircase leading down here.
HP[+7] MP[+1]
You now have 78 max hp (+13).
You regained 7 hp, and now have 38/78 hp.
You start resting.
HP[+40] MP[+14]
Your hp is fully restored (78).
Your mp is fully restored (20).
You climb downwards.
The orc shouts!
The white imp shouts, "Slither hence, thou peaked earth-vexing pignut!"
The jelly hits you but does no damage.
A bullfrog comes into view.
There is a stone staircase leading up, spattered with blood here.
The bullfrog gives a loud, deep croak!
The orc wizard shouts!
You hit the jelly.
Your hands burn!
The jelly closely misses you.
HP[-5]
You take 5 damage, and now have 73/78 hp.
You hit the jelly. The acid corrodes you!
Your hands burn!
The jelly barely misses you.
An orc priest comes into view. It is wielding a +0 whip.
The orc wizard mumbles some strange words.
The orc wizard flickers and vanishes!
Deactivating autopickup; reactivate with Ctrl-A.
HP[-3]
You take 3 damage, and now have 70/78 hp.
The orc priest shouts!
You hit the jelly but do no damage.
Your hands burn!
The bullfrog releases a deep croak.
The white imp shouts, "Give up, thou currish base-court vassal!"
The jelly hits you.
You are splashed with acid!
The white imp closely misses you. The orc barely misses you.
The jelly hits you. The acid corrodes you!
You are splashed with acid!
HP[-23]
You take 23 damage, and now have 47/78 hp.
MASSIVE DAMAGE!! (PAUSE)
The orc hits you with a +0 flail. The jelly hits you.
You are splashed with acid!
* * * LOW HITPOINT WARNING * * *
The white imp closely misses you.
You climb upwards.
Reactivating autopickup.
There is a stone staircase leading down here.
HP[-16]
You take 16 damage, and now have 31/78 hp.
MASSIVE DAMAGE!! (PAUSE)
Casting: Olgreb's Toxic Radiance (dangerous; 8% risk of failure)
Confirm with . or Enter, or press ? or * to list all spells.
You begin to radiate toxic energy.
The orc is poisoned.
The orc misses you. The white imp hits you.
* * * LOW HITPOINT WARNING * * *
The white imp freezes you.
* * * LOW HITPOINT WARNING * * *
The jelly hits you.
* * * LOW HITPOINT WARNING * * *
You are splashed with acid.
* * * LOW HITPOINT WARNING * * *
HP[-13] MP[-4]
You take 13 damage, and now have 18/78 hp.
You lost 4 mp, and now have 16/20 mp.
You hit the jelly but do no damage. The acid corrodes you!
Your hands burn!
* * * LOW HITPOINT WARNING * * *
Your toxic aura wanes.
You kill the orc!
The jelly hits you.
* * * LOW HITPOINT WARNING * * *
You are splashed with acid!
* * * LOW HITPOINT WARNING * * *
The white imp hits you.
* * * LOW HITPOINT WARNING * * *
The white imp freezes you.
You die...

Skill      XL: |  1  2  3  4  5  6  7 |
---------------+----------------------+-----
Poison Magic   | 3 4 5 6 7 8 |  8.0
Fighting       | 3 |  3.8
Dodging        | |  1.7
Stealth        | |  1.4
Spellcasting   | |  2.4
Transmutations | |  0.8

Action                   |  1- 3 |  4- 6 |  7- 9 || total
-------------------------+-------+-------+-------++-------
Melee: Short sword       |    41 |    95 |    36 ||   172
       Unarmed           |     1 |     4 |       ||     5
 Cast: Sting             |    11 |     2 |       ||    13
       Olgreb's Toxic Ra |       |     8 |    15 ||    23
  Use: Potion            |     1 |     2 |       ||     3
       Scroll            |       |     7 |       ||     7
 Stab: Sleeping          |     1 |       |     1 ||     2
Armor: Robe              |    18 |    27 |     8 ||    53
       Skin              |       |     4 |       ||     4
Dodge: Dodged            |    18 |    55 |    31 ||   104

Levels and vault maps discovered:
D:1:      zaba_arrival_water, layout_loops_ring, ebering_ecumenical_altar_webs,
          item_on_display_a
D:2:      layout_basic, interstate_on_off, hangedman_abyss_or_decor_lesser_grid,
          minmay_domino_2
D:3:      layout_loops_ring, mainiacjoe_overflow_alcove_1,
          overflow_temple_1_default, lemuel_doored_altar, gammafunk_ghost_split,
          minmay_checkerbox, uniq_sigmund, uniq_grinder
D:4:      layout_rooms, serial_shops, shop
D:5:      layout_rooms, minmay_tree_intersection, skrybe_limestone_x,
          minmay_misc_feat_square
D:6:      layout_cave_pools, temple_statues, dk_noncrumbling_3

Notes
Turn   | Place    | Note
-------+----------+-------------------------------------------
     0 | D:1      | zeratav the Ogre Venom Mage began the quest for the Orb.
     0 | D:1      | Reached XP level 1. HP: 16/16 MP: 3/3
     0 | D:1      | magus.rc [v1.9.6]
   330 | D:1      | Found a faded altar of an unknown god.
   334 | D:1      | Reached skill level 3 in Poison Magic
   452 | D:1      | Reached XP level 2. HP: 11/24 MP: 0/5
  1109 | D:2      | Reached XP level 3. HP: 22/31 MP: 6/6
  1355 | D:2      | Noticed a scorpion
  1363 | D:2      | HP: 7/31 [scorpion (1)]
  1364 | D:2      | Killed a scorpion
  1365 | D:2      | Reached skill level 4 in Poison Magic
  1365 | D:2      | Reached XP level 4. HP: 5/39 MP: 4/7
  1365 | D:2      | HP: 2/39 [poisoned by a scorpion]
  1714 | D:2      | You pick up a book of Callings and begin reading...
  1714 | D:2      | You add the spells Summon Small Mammal, Call Canine
                  | Familiar and Summon Guardian Golem to your library.
  2624 | D:3      | Found a runed translucent gate.
  2624 | D:3      | Found a runed translucent gate.
  2625 | D:3      | Found a runed translucent gate.
  2638 | D:3      | Found a glowing silver altar of Zin.
  2644 | D:4      | Noticed a scorpion
  2652 | D:4      | Killed a scorpion
  2653 | D:4      | Reached skill level 5 in Poison Magic
  2653 | D:4      | Reached XP level 5. HP: 30/45 MP: 5/8
  2814 | D:4      | Noticed a phantom
  2836 | D:4      | Killed a phantom
  2837 | D:4      | Reached skill level 6 in Poison Magic
  2837 | D:4      | Reached XP level 6. HP: 48/53 MP: 9/9
  3205 | D:3      | Learned a level 4 spell: Olgreb's Toxic Radiance
  3402 | D:4      | HP: 9/49 [necrophage (5)]
  3836 | D:4      | Found Junuge's Magic Scroll Emporium.
  3844 | D:4      | Bought a scroll of identify for 22 gold pieces
  3844 | D:4      | Bought a scroll of identify for 22 gold pieces
  3938 | D:4      | HP: 9/53 [ogre/+0 giant spiked club (17)]
  3940 | D:4      | Reached skill level 7 in Poison Magic
  3940 | D:4      | Reached XP level 7. HP: 10/59 MP: 0/10
  4242 | D:5      | Entered Level 5 of the Dungeon
  4968 | D:5      | Reached skill level 8 in Poison Magic
  4968 | D:5      | Identified the +5 hunting sling of Articulation {freeze,
                  | rCorr Dex+4}
  5481 | D:6      | Reached skill level 1 in Fighting
  5486 | D:6      | Reached skill level 2 in Fighting
  5520 | D:6      | Reached skill level 3 in Fighting
  5520 | D:6      | Reached XP level 8. HP: 37/78 MP: 6/11
  5701 | D:5      | HP: 18/78 [acid (6)]
  5702 | D:5      | HP: 5/78 [acid (9)]
  5702 | D:5      | HP: 1/78 [white imp (4)]
  5702 | D:5      | Slain by a white imp

Vanquished Creatures
  An orc warrior (D:6)
  An ogre (D:4)
  A phantom (D:4)
  A gnoll sergeant (D:5)
  A necrophage (D:4)
  2 scorpions
  2 hounds (D:5)
  2 iguanas (D:5)
  2 orc wizards (D:6)
  10 gnolls
  5 adders
  A white imp (D:5)
  An ufetubus (D:5)
  2 dart slugs
  6 orcs
  4 giant cockroaches
  2 hobgoblins
  2 jackals (D:2)
  A quokka (D:4)
  4 ball pythons
  2 bats (D:2)
  A frilled lizard (D:2)
  4 goblins
  5 kobolds
  3 rats
66 creatures vanquished.

Table legend:
 A = Non-vault XP
 B = Vault XP
 C = Vault XP percentage of total XP
 D = Non-vault monster count
 E = Vault monster count
 F = Vault count percentage of total count
                 A         B        C        D         E       F
            +---------+---------+-------+---------+---------+-------
      Total |    1207 |       1 |   0.1 |      65 |       1 |   1.5
            +---------+---------+-------+---------+---------+-------
        D:1 |      11 |       0 |   0.0 |       7 |       0 |   0.0
        D:2 |     115 |       1 |   0.9 |      15 |       1 |   6.2
        D:3 |      44 |       0 |   0.0 |       5 |       0 |   0.0
        D:4 |     473 |       0 |   0.0 |      16 |       0 |   0.0
        D:5 |     353 |       0 |   0.0 |      15 |       0 |   0.0
        D:6 |     211 |       0 |   0.0 |       7 |       0 |   0.0
            +---------+---------+-------+---------+---------+-------

Illustrated notes

Table legend:
 A = Kills in this place as a percentage of kills in entire the game.
 B = Kills by you in this place as a percentage of kills by you in the entire game.
 C = Kills by friends in this place as a percentage of kills by friends in the entire game.
 D = Other kills in this place as a percentage of other kills in the entire game.
 E = Experience gained in this place as a percentage of experience gained in the entire game.
 F = Experience gained in this place divided by the number of levels of this place that you have seen.
                   A       B       C       D       E      F
               +-------+-------+-------+-------+-------+----------------------
         Total | 100.0 | 100.0 |   N/A |   N/A | 100.0 | 201.3
       Dungeon | 100.0 | 100.0 |   N/A |   N/A | 100.0 | 201.3
               +-------+-------+-------+-------+-------+----------------------

Table legend: (Time is in decaauts)
 A = Elapsed time spent in this place.
 B = Non-inter-level travel time spent in this place.
 C = Inter-level travel time spent in this place.
 D = Time resting spent in this place.
 E = Time spent auto-exploring this place.
 F = Levels seen in this place.
 G = Mean time per level.
                   A        B        C        D        E       F      G
               +--------+--------+--------+--------+--------+-----+--------+
         Total |   5729 |   5489 |    240 |   2099 |   2033 |   6 |  954.8 |
       Dungeon |   5729 |   5489 |    240 |   2099 |   2033 |   6 |  954.8 |
               +--------+--------+--------+--------+--------+-----+--------+

Top non-repeatable levels by time:
     D:4: 1893 daAuts
     D:2: 1330 daAuts
     D:5: 1080 daAuts
     D:1: 922 daAuts
     D:3: 450 daAuts
     D:6: 50 daAuts
